 Dungeon Crawl Stone Soup version 0.26-b1-45-g23770d1d51 (webtiles) character file.

Game seed: 11401973959409323994

382 radhat240 the Chopper (level 6, -8/53 HPs)
             Began as a Hill Orc Fighter on Jan 6, 2021.
             Was an Initiate of Beogh.
             Mangled by a hornet (10 damage)
             ... while paralysed by a hornet
             ... on level 4 of the Dungeon.
             The game lasted 00:11:11 (2835 turns).

radhat240 the Chopper (Hill Orc Fighter)            Turns: 2835, Time: 00:11:11

Health: -8/53      AC:  7    Str: 21    XL:     6   Next: 76%
Magic:  15/15      EV:  2    Int:  8    God:    Beogh [......]
Gold:   127        SH:  0    Dex: 10    Spells: 5/5 levels left

rFire    . . .     SeeInvis .   a - +1 war axe
rCold    . . .     Faith    .   c - +0 kite shield
rNeg     . . .     Spirit   .   b - +0 scale mail
rPois    .         Reflect  .   (no helmet)
rElec    .         Harm     .   (no cloak)
rCorr    .         Rampage  .   (no gloves)
Will     .....                  (no boots)
Stlth    ..........             (no amulet)
HPRegen  0.17/turn              e - ring of magical power
MPRegen  0.14/turn              (no ring)

@: paralysed, lethally poisoned (-8 -> -21), slowed
A: no striking features
a: Renounce Religion


You were on level 4 of the Dungeon.
You worshipped Beogh.
Beogh was noncommittal.
You visited 1 branch of the dungeon, and saw 4 of its levels.

You collected 127 gold pieces.

Inventory:

Hand Weapons
 a - a +1 war axe (weapon)
Armour
 b - a +0 scale mail (worn)
 c - a +0 kite shield (worn)
Jewellery
 e - a ring of magical power (left hand)
Wands
 l - a wand of flame (6)
Scrolls
 h - a scroll of fog
 i - 2 scrolls of enchant weapon
Potions
 d - a potion of might
 f - a potion of resistance
 g - a potion of ambrosia
 j - a potion of attraction {unknown}


   Skills:
 + Level 4.7 Fighting
 + Level 6.3 Axes
 + Level 4.2 Armour
 - Level 0.7 Dodging
 - Level 0.1 Stealth
 + Level 4.9 Shields


You had 5 spell levels left.
You didn't know any spells.
Your spell library was empty.

Dungeon Overview and Level Annotations

Branches:
Dungeon (4/15)
 Temple: D:4-7

Altars:
Elyvilon
Yredelemnul
Zin
The Shining One


Message History

You block the hornet's attack.
You are too injured to fight recklessly!
You are too injured to fight recklessly!
You are too injured to fight recklessly!
You are too injured to fight recklessly!
You are too injured to fight recklessly!
You are too injured to fight recklessly!
Your shield prevents you from hitting the hornet.
The hornet is lightly wounded.
You feel sick. You block the hornet's attack. The hornet closely misses you.
The hornet stings you!
* * * LOW HITPOINT WARNING * * *
You are lethally poisoned!
You suddenly lose the ability to move!
* * * LOW HITPOINT WARNING * * *
You feel sick. The hornet stings you!
* * * LOW HITPOINT WARNING * * *
You feel as though you will be slow longer.
The hornet stings you!
You die...

... #..# #..## #####...#
#.......###
..........###
......y.....###
....>..@......####
............#....####
............####....####
............# #..#....#
#...........# ##...##..
#...........# #...####
#...........# ###.....
##..........# #####.
.......## #.


You could see a hornet.

Vanquished Creatures
  Sigmund (D:3)
  A hound (D:4)
  2 orc wizards (D:3)
  A gnoll (D:4)
  2 adders
  An ooze (D:4)
  A worm (D:2)
  2 dart slugs
  3 leopard geckos
  6 orcs (D:3)
  3 giant cockroaches (D:3)
  12 goblins
  6 hobgoblins
  9 jackals
  A quokka (D:3)
  3 ball pythons
  10 bats
  5 frilled lizards
  9 kobolds
  9 rats
87 creatures vanquished.

Vanquished Creatures (others)
  4 orcs (D:3)
  A kobold (D:3)
  A rat (D:3)
6 creatures vanquished.

Grand Total: 93 creatures vanquished

Notes
Turn   | Place    | Note
-------+----------+-------------------------------------------
     0 | D:1      | radhat240 the Hill Orc Fighter began the quest for the Orb.
     0 | D:1      | Reached XP level 1. HP: 19/19 MP: 1/1
   153 | D:1      | You fall into a shaft and drop 1 floor!
   228 | D:2      | Reached skill level 3 in Axes
   243 | D:2      | Reached XP level 2. HP: 26/26 MP: 2/2
   302 | D:2      | Found a white marble altar of Elyvilon.
   464 | D:2      | Reached XP level 3. HP: 14/33 MP: 3/3
  1261 | D:1      | Reached skill level 4 in Axes
  1331 | D:1      | Reached XP level 4. HP: 40/40 MP: 4/4
  1952 | D:3      | Became a worshipper of Beogh the Brigand
  2164 | D:3      | Noticed Sigmund
  2173 | D:3      | Reached skill level 5 in Axes
  2173 | D:3      | Reached XP level 5. HP: 25/46 MP: 5/5
  2211 | D:4      | Noticed an ogre
  2513 | D:3      | Found a basalt altar of Yredelemnul.
  2536 | D:3      | Found a glowing golden altar of the Shining One.
  2541 | D:3      | Noticed a profane servitor
  2551 | D:3      | Noticed an angel
  2592 | D:3      | Killed Sigmund
  2593 | D:3      | Reached skill level 6 in Axes
  2593 | D:3      | Reached XP level 6. HP: 51/53 MP: 6/6
  2804 | D:4      | Found a glowing silver altar of Zin.
  2827 | D:4      | Noticed a hornet
  2834 | D:4      | Paralysed by a hornet for 2 turns
  2835 | D:4      | HP: 2/53 [hornet (10)]
  2835 | D:4      | Mangled by a hornet

Illustrated notes

Levels and vault maps discovered:
D:1:      tarquinn_simple_flora_water_c, layout_basic, minmay_crystal_water
D:2:      layout_basic, elyvilon_altar_3, serial_curves, eino_curves_01,
          eino_curves_01, eino_curves_01
D:3:      layout_loops_cross, grunt_temple_overflow_holy_war, uniq_sigmund
D:4:      layout_cave_pods, zin_academy, okawaru_altar_gauntlet_db,
          grunt_ministairs_2

Skill      XL: |  1  2  3  4  5 |
---------------+----------------+-----
Axes           | 3 4 5 6 |  6.3
Shields        | 4 |  4.9
Fighting       | 4 |  4.7
Armour         | 4 |  4.2
Dodging        | |  0.7
Stealth        | |  0.1

Action                   |  1- 3 |  4- 6 || total
-------------------------+-------+-------++-------
Melee: War axe           |   123 |   124 ||   247
Invok: Convert to Beogh  |       |     1 ||     1
  Use: Scroll            |     7 |     3 ||    10
       Potion            |     3 |     2 ||     5
Armor: Scale mail        |    65 |    73 ||   138
Dodge: Dodged            |    40 |    44 ||    84
Block: Kite shield       |    79 |    86 ||   165
